Match 35556195
Unlisted

Match 35556195
End
Kradschützen Motorcycle Team
Panzergrenadier Squad
Panzerpioneer Squad
Construct Light Support Kompanie
MG34 Team
Panzerjäger Squad
2.5-tonne Medical Truck
Assault Mechanized Group
Construct Mechanized Kompanie
Construct Mechanized Kompanie
Selects Armored Support Battlegroup
Selects Superior Fire Drills
Selects Flammpanzer III Medium Tank
Flammpanzer III Medium Tank
Panzerpioneer Squad
Marder III Tank Destroyer
Panzerjäger Mechanized Group
Selects Salvage Kits
Selects Command Panzer IV F Medium Tank
Command Panzer IV F Medium Tank
8 Rad Armored Car
Flammpanzer III Medium Tank
la
Tango
Turtleboy
CombatRoad
Septimum
filakim
0
0

Comments sign in to comment!

No comments posted yet!